AoeStats
← Clay001

Pilgrims

507968968Analyzed
2v2 RM · 12d ago on Sep 20, 2026· 59m 36s· 4 players
Game mode
Random Map
Map size
Medium (4 player)
Population
200
Speed
Normal
Resources
Standard
Victory
Conquest
Starting age
Dark Age
Ending age
Imperial Age
RankedLock teamsTeams togetherTeam positionsShared explorationLock speedFull tech treeHidden civsTurbo modeCheats
Victory
Defeat
🇨🇳 Japanese · China
1094
+16
🇨🇳 Dravidians · China
1093
+16
🇵🇪 Malians · Peru
1114
-16
🇵🇱 Dravidians · Poland
1082
-16
Kobas394
11:24 Feudal Age
11:23 Loom
12:02 Fishing Lines
13:39 Padded Archer Armor
14:06 Double-Bit Axe
15:46 Fletching
17:09 Wheelbarrow
18:51 Castle Age
17:02 Gold Mining
19:48 Medium Warships
19:28 Gillnets
21:14 Bow Saw
23:14 Wheelbarrow
24:15 Scale Barding Armor
25:25 Wheelbarrow
27:24 Bodkin Arrow
27:44 Leather Archer Armor
31:41 Imperial Age
31:21 Chain Barding Armor
31:11 Forging
31:27 Ballistics
31:18 Masonry
31:36 Thumb Ring
32:43 Sanctity
32:39 Block Printing
34:25 Chemistry
33:26 Bracer
33:47 Stone Mining
33:42 Horse Collar
35:11 Two-Man Saw
36:34 Ring Archer Armor
35:40 Elite Cannon Galleon
39:15 Hoardings
39:19 Hand Cart
39:29 Heavy Plow
42:20 Elite Elephant Archer
48:16 Squires
49:41 Scale Mail Armor
50:17 Iron Casting
50:14 Elite Urumi Swordsman
55:33 Guilds
57:51 Wootz Steel
Tinyhos
9:51 Loom
11:57 Feudal Age
12:14 Man-at-Arms
14:33 Gold Mining
14:30 Double-Bit Axe
15:26 Arson
18:04 Forging
23:44 Castle Age
22:36 Horse Collar
22:50 Fletching
23:04 Fishing Lines
25:18 Gold Shaft Mining
25:42 Long Swordsman
25:52 Pikeman
26:35 Stone Mining
26:57 Thumb Ring
27:40 Squires
28:40 Iron Casting
29:13 Wheelbarrow
31:11 Bodkin Arrow
Rubi2007
5:22 Loom
10:06 Feudal Age
10:38 Fishing Lines
15:27 Forging
17:28 Castle Age
17:37 Castle Age
16:22 Double-Bit Axe
18:10 Stone Mining
18:11 Gold Mining
18:49 Medium Warships
19:02 Fletching
21:45 Bow Saw
22:05 Bodkin Arrow
25:22 Horse Collar
30:32 Heavy Plow
32:56 Scale Mail Armor
33:13 Squires
36:11 Sanctity
38:04 Wheelbarrow
37:18 Town Watch
41:37 Imperial Age
40:17 Hand Cart
40:56 Thumb Ring
41:22 Elite Skirmisher
42:57 Bracer
43:10 Padded Archer Armor
44:12 Chemistry
44:58 Leather Archer Armor
46:48 Elite Elephant Archer
48:01 Ring Archer Armor
47:47 Chain Mail Armor
47:16 Elite Elephant Archer
48:48 Conscription
57:28 Ballistics
57:21 Masonry
Clay001
12:13 Feudal Age
16:13 Double-Bit Axe
19:51 Castle Age
18:18 Fletching
19:29 Scale Mail Armor
23:44 Horse Collar
25:44 Bow Saw
26:52 Chain Mail Armor
28:28 Stone Mining
29:53 Forging
30:32 Gold Mining
34:50 Wheelbarrow
36:08 Town Watch
36:22 Bodkin Arrow
50:11 Imperial Age
48:10 Hand Cart
50:50 Elite Samurai
52:57 Two-Man Saw
53:43 Plate Mail Armor
54:11 Iron Casting
Connection lost

Rejoining the realm…

Still unreachable

The connection could not be restored.

Session expired

The server has moved on; the page needs a fresh start.